 Dungeon Crawl Stone Soup version 0.26-a0-639-g72c4674329 (webtiles) character file.

Game seed: 14510388112178633667

7142 PentaManta the Cleaver (level 10, -5/86 HPs)
             Began as a Minotaur Fighter on Sept 20, 2020.
             Was a Priest of Zin.
             Slain by a manticore (7 damage)
             ... on level 11 of the Dungeon.
             The game lasted 00:24:16 (10937 turns).

PentaManta the Cleaver (Minotaur Fighter)          Turns: 10937, Time: 00:24:18

Health: -5/86      AC: 16    Str: 23    XL:     10   Next: 85%
Magic:  14/14      EV:  9    Int:  5    God:    Zin [***...]
Gold:   523        SH: 17    Dex: 11    Spells: 9/9 levels left

rFire    . . .     SeeInvis .   a - +1 war axe (freeze)
rCold    + + .     Faith    .   c - +0 kite shield
rNeg     . . .     Spirit   .   t - +0 chain mail
rPois    .         Reflect  +   (helmet restricted)
rElec    .         Harm     .   n - +2 cloak
rCorr    .         Rampage  .   q - +1 pair of gloves
MR       .....                  (no boots)
Stlth    ..........             p - amulet of reflection
HPRegen  0.24/turn              j - ring of protection from cold
MPRegen  0.14/turn              C - ring of protection from cold

@: hasted, very quick
A: retaliatory headbutt, horns 2
a: Recite, Vitalisation, Imprison, Donate Gold, Renounce Religion


You were on level 11 of the Dungeon.
You worshipped Zin.
Zin was most pleased with you.
You visited 2 branches of the dungeon, and saw 12 of its levels.

You collected 581 gold pieces.
You donated 58 gold pieces to Zin.

Inventory:

Hand Weapons
 a - a +1 war axe of freezing (weapon)
 i - a +0 dagger
 k - a +0 scimitar
 y - a +0 hand axe
 A - a +2 short sword of venom
 F - a cursed +2 long sword of electrocution
 H - the +1 rapier "Urhepsof" {flame, Stlth+}
   (You found it on level 7 of the Dungeon)

   It has been specially enchanted to burn those struck by it, causing extra
   injury to most foes and up to half again as much damage against particularly
   susceptible opponents.
   It makes you more stealthy.
 K - a +2 flail of draining
Missiles
 o - 47 poisoned darts (quivered)
Armour
 c - a +0 kite shield (worn)
 h - a +0 buckler
 n - a +2 cloak (worn)
 q - a +1 pair of gloves (worn)
 t - a +0 chain mail (worn)
 w - a scarf of repulsion
 G - a +0 plate armour
Jewellery
 j - a ring of protection from cold (left hand)
 l - an uncursed ring of protection from magic
 p - an amulet of reflection (around neck)
 x - an uncursed amulet of faith
 C - a ring of protection from cold (right hand)
 I - an uncursed ring of fire
Scrolls
 b - 6 scrolls of identify
 d - a scroll of teleportation {unknown}
 m - a scroll of enchant weapon
 r - a scroll of brand weapon
 u - a scroll of fog
 z - a scroll of remove curse
 B - a scroll of amnesia
Potions
 e - a potion of haste
 g - 3 potions of curing
 s - 7 potions of brilliance
 v - 2 potions of resistance
 E - a potion of magic
 L - 4 potions of degeneration {unknown}


   Skills:
 + Level 7.1 Fighting
 + Level 11.3 Axes
 + Level 7.0 Armour
 + Level 5.3 Dodging
 + Level 10.2 Shields
 + Level 7.2 Invocations


You had 9 spell levels left.
You didn't know any spells.
Your spell library contained the following spells:

 Spells                   Type           Power        Failure   Level
 Beastly Appendage        Tmut           #.....       100%        1
 Magic Dart               Conj           #...         100%        1
 Shock                    Conj/Air       #...         100%        1
 Blink                    Tloc           N/A          100%        2
 Call Imp                 Summ           #.......     100%        2
 Slow                     Hex            #.......     100%        2
 Swiftness                Air            #.......     100%        2
 Wereblood                Tmut           #.......     100%        2
 Confusing Touch          Hex            #.......     100%        3
 Conjure Flame            Conj/Fire      #.......     100%        3
 Gell's Gravitas          Tloc           #.........   100%        3
 Mephitic Cloud           Conj/Pois/Air  #.......     100%        3
 Spider Form              Tmut/Pois      #.........   100%        3
 Static Discharge         Conj/Air       #.......     100%        3
 Airstrike                Air            #.........   100%        4
 Ice Form                 Ice/Tmut       #.......     100%        4
 Petrify                  Tmut/Erth      #.......     100%        4
 Blade Hands              Tmut           #.........   100%        5
 Lightning Bolt           Conj/Air       #.........   100%        5
 Metabolic Englaciation   Hex/Ice        #.........   100%        5
 Yara's Violent Unravell  Hex/Tmut       #.........   100%        5


Dungeon Overview and Level Annotations

Branches:
Dungeon (11/15)            Temple (1/1) D:4
   Lair: D:8-11         Orc: D:9-12

Altars:
Ashenzari
Cheibriados
Dithmenos
Elyvilon
Fedhas
Gozag
Hepliaklqana
Kikubaaqudgha
Makhleb
Nemelex Xobeh
Okawaru
Ru
Sif Muna
Trog
Uskayaw
Vehumet
Xom
Zin
The Shining One


Innate Abilities, Weirdness & Mutations

You reflexively headbutt those who attack you in melee.
You have a pair of horns on your head.


Message History

Your headbutt misses the manticore.
The manticore is lightly wounded.
You block the manticore's attack. x2; The manticore claws you.
* * * LOW HITPOINT WARNING * * *
You hit the manticore. You freeze the manticore.
The manticore is moderately wounded.
You carefully extract the barbed spikes from your body.
You slash the manticore! You freeze the manticore. You headbutt the manticore!
The manticore is almost dead.
The manticore bites you!!
* * * LOW HITPOINT WARNING * * *
The manticore claws you but does no damage.
The manticore misses you.
You hit the manticore. You freeze the manticore.
Your headbutt misses the manticore.
The manticore is almost dead.
The manticore bites you.
* * * LOW HITPOINT WARNING * * *
The manticore claws you!
You die...

,,,,,* #........####...........
,,,,,* #........##.'...........
,,,,,* **#.......†#..#...........
,,,,,***.........†..##...........
,,,,,**..#.......†####.......>...
,,,,,',.*#........# #...........
,,,,,****#........# #.....>.....
**'*** #......H.# ############
,,,,*****#######@##
***,,,,,,,,,,* #.# *,,≈≈≈≈≈≈≈,*
#.# **,≈*****≈,**#.#
****,≈*,,,*≈,*,..#
,,,*,≈*,∩,,≈,*,###
,,,,,≈*,,,*≈,,,,,*
,,,',≈*****≈,,,,,*
,,,*,≈≈≈≈≈≈≈,,,,,*


You could see a manticore.

Vanquished Creatures
  Harold (D:7)
  An unseen horror (D:11)
  An ugly thing (D:11)
  Joseph (D:7)
  A freezing wraith (D:11)
  A queen bee (D:9)
  A hippogriff (D:8)
  5 yaks (D:11)
  Grum (D:9)
  Duvessa (D:6)
  A water moccasin (D:11)
  2 orc warriors (D:7)
  A sky beast (D:5)
  A black bear (D:7)
  A necrophage (D:7)
  2 phantoms
  5 ogres
  2 wolves (D:9)
  2 centaurs
  A big kobold (D:7)
  2 bullfrogs (D:6)
  A gnoll sergeant (D:7)
  Dowan (D:6)
  A scorpion (D:8)
  9 killer bees (D:9)
  6 wights
  A howler monkey (D:5)
  A jelly (D:5)
  A crimson imp (D:5)
  A bullfrog zombie (D:6)
  2 hounds
  5 orc priests
  2 bullfrog skeletons
  3 orc wizards
  A gnoll shaman (D:8)
  Jessica (D:3)
  A centaur skeleton (D:7)
  2 iguanas
  3 worker ants
  A killer bee zombie (D:3)
  A hound skeleton (D:4)
  2 worker ant zombies
  12 gnolls
  7 adders
  2 shadow imps (D:8)
  3 white imps
  2 ufetubi
  2 adder zombies
  3 worms
  3 dart slugs (D:1)
  6 leopard geckos
  28 orcs
  A ball python (D:5)
  12 bats
  6 giant cockroaches
  6 goblins
  5 hobgoblins
  10 jackals
  3 quokkas
  5 frilled lizards
  9 kobolds
  A quokka skeleton (D:6)
  11 rats
217 creatures vanquished.

Notes
Turn   | Place    | Note
-------+----------+-------------------------------------------
     0 | D:1      | PentaManta the Minotaur Fighter began the quest for the
                  | Orb.
     0 | D:1      | Reached XP level 1. HP: 19/19 MP: 0/0
    29 | D:1      | Reached skill level 3 in Axes
    48 | D:1      | Reached XP level 2. HP: 26/26 MP: 1/1
   528 | D:1      | Reached XP level 3. HP: 30/31 MP: 2/2
   655 | D:1      | Reached skill level 4 in Axes
  1634 | D:2      | Reached XP level 4. HP: 39/39 MP: 3/3
  1636 | D:2      | Found a shimmering altar of Xom.
  1971 | D:3      | Reached skill level 5 in Shields
  2092 | D:3      | Found a glowing silver altar of Zin.
  2141 | D:3      | Became a worshipper of Zin the Law-Giver
  2141 | D:3      | Reached * piety under Zin
  2398 | D:3      | Noticed Jessica
  2424 | D:3      | Reached XP level 5. HP: 33/45 MP: 4/4
  2432 | D:3      | Reached skill level 5 in Axes
  2432 | D:3      | Reached skill level 1 in Invocations
  2451 | D:3      | Killed Jessica
  3390 | D:4      | Reached ** piety under Zin
  3450 | D:4      | Reached XP level 6. HP: 48/51 MP: 6/6
  3830 | D:4      | Reached skill level 6 in Axes
  3955 | D:4      | Found a shattered altar of Ashenzari.
  4016 | D:4      | Reached *** piety under Zin
  4140 | D:4      | Found a staircase to the Ecumenical Temple.
  4353 | Temple   | Entered the Ecumenical Temple
  4855 | D:5      | Entered Level 5 of the Dungeon
  4927 | D:5      | Noticed a sky beast
  4935 | D:5      | Killed a sky beast
  4935 | D:5      | Reached XP level 7. HP: 44/57 MP: 6/8
  5509 | D:5      | Reached skill level 7 in Axes
  6417 | D:5      | Found a burning altar of Makhleb.
  6428 | D:5      | Reached skill level 8 in Axes
  6629 | D:6      | Reached XP level 8. HP: 53/64 MP: 9/9
  6696 | D:6      | Noticed Duvessa
  6699 | D:6      | Noticed Dowan
  6707 | D:6      | Killed Dowan
  6720 | D:6      | Killed Duvessa
  6839 | D:6      | Reached **** piety under Zin
  6992 | D:6      | Reached skill level 9 in Axes
  7471 | D:6      | Reached skill level 5 in Invocations
  8073 | D:7      | Found an iron altar of Okawaru.
  8099 | D:7      | Reached skill level 1 in Dodging
  8099 | D:7      | Reached XP level 9. HP: 23/71 MP: 11/11
  8373 | D:7      | Noticed Joseph
  8386 | D:7      | Killed Joseph
  8386 | D:7      | Reached skill level 10 in Axes
  8430 | D:7      | Noticed Harold
  8468 | D:7      | Killed Harold
  8468 | D:7      | Reached skill level 5 in Fighting
  8468 | D:7      | Reached skill level 5 in Armour
  8841 | D:7      | Got a twisted rapier
  8861 | D:7      | Identified the cursed +1 rapier "Urhepsof" {flame, Stlth+}
                  | (You found it on level 7 of the Dungeon)
  9970 | D:8      | Reached XP level 10. HP: 82/83 MP: 13/13
 10167 | D:8      | Found a blossoming altar of Fedhas.
 10213 | D:8      | Found a white marble altar of Elyvilon.
 10367 | D:9      | Noticed Grum
 10385 | D:9      | HP: 3/83 [killer bee (6)]
 10388 | D:9      | Killed Grum
 10659 | D:9      | You fall into a shaft and drop 1 floor!
 10659 | D:10     | Entered Level 10 of the Dungeon
 10659 | D:10     | Noticed a two-headed ogre
 10804 | D:11     | Noticed a purple ugly thing
 10815 | D:11     | Killed a purple ugly thing
 10815 | D:11     | Reached skill level 11 in Axes
 10898 | D:11     | Killed an unseen horror
 10898 | D:11     | Reached skill level 5 in Dodging
 10898 | D:11     | Reached skill level 10 in Shields
 10914 | D:11     | Noticed a manticore
 10937 | D:11     | HP: 2/86 [manticore (4)]
 10937 | D:11     | Slain by a manticore

Illustrated notes

Levels and vault maps discovered:
D:1:      lightli_arrival_lavapool, layout_loops_ring, minmay_bisected
D:2:      layout_basic, marbit_many_paths, serial_park_tiny_2
D:3:      kennysheep_big_flooded_room, layout_basic, lemuel_crystal_altar,
          uniq_jessica
D:4:      layout_layer_cave, ashenzari_altar_1, lemuel_temple_firewalk_b,
          minmay_bent
D:5:      layout_basic, makhleb_grotto_becter, kennysheep_boxes
D:6:      kennysheep_spiral_hall, layout_basic, kennysheep_generic_room_8,
          uniq_duvessa
D:7:      layout_cave_pods, basic_altar, grunt_decor_resistance, uniq_joseph,
          uniq_harold
D:8:      layout_cave_pods, nicolae_overflow_crystal_walls,
          corexii_leaking_fountain, minmay_misc_feat_diagonals,
          serial_park_tiny_2, fedhas_bush_and_centaur_altar
D:9:      layout_rooms, grunt_temple_overflow_open, old_standard_altar,
          minivault_7, uniq_grum
D:10:     layout_loops_corners, erik_lair_orcish_takeover, blue_anna_alchemist
          [blue_anna_fruit_fields, blue_anna_fruit_fields]
D:11:     layout_roguey, enter_bailey_3
Temple:   eino_narrow_crystal_temple

Skill      XL: |  1  2  3  4  5  6  7  8  9 10 |
---------------+-------------------------------+-----
Axes           | 3 4 5 6 8 9 10 11 | 11.3
Shields        | 4 5 6 7 8 9 10 | 10.2
Invocations    | 1 2 3 5 6 7 |  7.2
Fighting       | 4 5 7 |  7.1
Armour         | 4 5 7 |  7.0
Dodging        | 1 3 5 |  5.3

Action                   |  1- 3 |  4- 6 |  7- 9 | 10-12 || total
-------------------------+-------+-------+-------+-------++-------
Melee: War axe           |    33 |    11 |    97 |    84 ||   225
       Headbutt          |    25 |    32 |    88 |    21 ||   166
       Dagger            |   114 |   119 |       |       ||   233
       Hand axe          |       |    30 |   147 |       ||   177
       Short sword       |       |    22 |   105 |    25 ||   152
Invok: Recite            |       |       |     2 |     1 ||     3
       Vitalisation      |       |       |     1 |     2 ||     3
       Imprison          |       |       |     1 |       ||     1
  Use: Scroll            |       |     5 |    13 |     4 ||    22
       Potion            |       |       |       |    10 ||    10
Armor: Scale mail        |    71 |    57 |       |       ||   128
       Chain mail        |       |    44 |   133 |    96 ||   273
Dodge: Dodged            |    23 |    54 |    67 |    63 ||   207
Block: Kite shield       |    70 |    71 |   145 |   178 ||   464
       Buckler           |       |    25 |    78 |       ||   103
       Reflection        |       |     1 |    10 |     6 ||    17

Table legend: (Time is in decaauts)
 A = Elapsed time spent in this place.
 B = Non-inter-level travel time spent in this place.
 C = Inter-level travel time spent in this place.
 D = Time resting spent in this place.
 E = Time spent auto-exploring this place.
 F = Levels seen in this place.
 G = Mean time per level.
                   A        B        C        D        E       F      G
               +--------+--------+--------+--------+--------+-----+--------+
         Total |  10929 |  10528 |    401 |   1652 |   6899 |  12 |  910.8 |
       Dungeon |  10758 |  10369 |    389 |   1652 |   6742 |  11 |  978.0 |
        Temple |    170 |    158 |     12 |      0 |    157 |   1 |  170.0 |
               +--------+--------+--------+--------+--------+-----+--------+

Top non-repeatable levels by time:
     D:7: 1688 daAuts
     D:4: 1653 daAuts
     D:3: 1474 daAuts
     D:5: 1315 daAuts
     D:6: 1275 daAuts
     D:2: 1237 daAuts
     D:8: 824 daAuts
     D:1: 741 daAuts
     D:9: 294 daAuts
    D:11: 233 daAuts
  Temple: 170 daAuts
    D:10: 18 daAuts
